 Dungeon Crawl Stone Soup version 0.27-a0-13-g87abb2d9eb (webtiles) character file.

Game seed: 13203777375444325166

53038 wakim the Destroyer (level 14, -12/78 HPs)
             Began as a Gargoyle Earth Elementalist on Jan 2, 2021.
             Was a High Priest of Vehumet.
             Hit by a javelin thrown by Urug (14 damage)
             ... on level 11 of the Dungeon.
             The game lasted 02:44:08 (26584 turns).

wakim the Destroyer (Gargoyle Earth Elementalist)  Turns: 26584, Time: 02:44:09

Health: -12/78     AC: 15    Str: 14    XL:     14   Next: 66%
Magic:  23/28      EV: 19    Int: 28    God:    Vehumet [*****.]
Gold:   1458       SH: 18    Dex: 11    Spells: 9/33 levels left

rFire    . . .     SeeInvis .   R - +8 war axe "Pewk" {freeze, Int+4}
rCold    . . .     Faith    .   L - +2 kite shield
rNeg     + + .     Spirit   .   I - +2 robe {rN+}
rPois    ∞         Reflect  +   q - +1 helmet
rElec    +         Harm     .   (no cloak)
rCorr    .         Rampage  .   K - +0 pair of gloves
Will     +....                  i - +1 pair of boots
Stlth    ++++......             Q - amulet of reflection
HPRegen  0.23/turn              j - +4 ring of evasion
MPRegen  0.21/turn              d - +6 ring of intelligence

@: about to teleport, corroded, studying Slings
A: big wings, negative energy resistance 1, electricity resistance, unbreathing,
petrification resistance, miasma immunity, AC +10
a: Fly, Renounce Religion


You were on level 11 of the Dungeon.
You worshipped Vehumet.
Vehumet was extremely pleased with you.
You visited 3 branches of the dungeon, and saw 19 of its levels.
You also visited: Sewer, Gauntlet and Volcano.

You collected 1458 gold pieces.

Inventory:

Hand Weapons
 a - a +3 short sword of freezing
 O - a +0 hand crossbow
 R - the +8 war axe "Pewk" (weapon) {freeze, Int+4}
   (You found it on level 2 of the Lair of Beasts)

   It has been specially enchanted to freeze those struck by it, causing extra
   injury to most foes and up to half again as much damage against particularly
   susceptible opponents.
   It can also slow down cold-blooded creatures.
   It affects your intelligence (+4).
Missiles
 e - 198 stones
 t - 87 bolts
Armour
 i - a +1 pair of boots (worn)
 m - a +1 leather armour of poison resistance
 q - a +1 helmet (worn)
 I - a +2 robe of positive energy (worn)
 K - a +0 pair of gloves (worn)
 L - a +2 kite shield (worn)
Magical Staves
 b - an uncursed staff of cold
Jewellery
 d - a +6 ring of intelligence (right hand)
 j - a +4 ring of evasion (left hand)
 p - an uncursed amulet of guardian spirit
 Q - an amulet of reflection (around neck)
 X - an uncursed ring of teleportation
Wands
 h - a wand of digging (6)
 o - a wand of acid (5)
 y - a wand of disintegration (7)
 J - a wand of iceblast (19)
 N - a wand of enslavement (4)
 S - a wand of polymorph (14)
Scrolls
 c - 7 scrolls of teleportation
 f - 12 scrolls of identify
 g - 5 scrolls of amnesia
 n - a scroll of holy word
 r - 5 scrolls of remove curse
 D - 3 scrolls of fog
 E - 2 scrolls of magic mapping
 F - a scroll of blinking
 H - 2 scrolls of fear
 M - a scroll of enchant weapon
 T - 4 scrolls of enchant armour
 Y - a scroll of silence {unknown}
Potions
 l - 2 potions of ambrosia
 u - 2 potions of cancellation
 v - 2 potions of brilliance
 x - 2 potions of haste
 z - 5 potions of flight
 A - 2 potions of heal wounds
 B - 3 potions of might
 C - 7 potions of curing
 G - a potion of magic
 U - a potion of resistance
 W - 2 potions of attraction {unknown}
Books
 P - a manual of Slings


   Skills:
 - Level 5.0 Fighting
 - Level 4.4 Short Blades
 + Level 4.1 Axes
 + Level 8.3 Dodging
 - Level 8.0 Stealth
 + Level 9.8 Shields
 - Level 10.0 Spellcasting
 + Level 10.9 Conjurations
 - Level 6.0 Transmutations
 - Level 6.0 Fire Magic
 + Level 0.5 Ice Magic
 + Level 0.1 Air Magic
 - Level 9.0 Earth Magic
 - Level 5.0 Poison Magic


You had 9 spell levels left.
You knew the following spells:

 Your Spells              Type           Power        Failure   Level
a - Sandblast             Erth           100%         1%          1
b - Stone Arrow           Conj/Erth      100%         1%          3
c - Petrify               Tmut/Erth      54%          3%          4
d - Lee's Rapid Deconstr  Erth           29%          1%          5
e - Passwall              Tmut/Erth      45%          1%          2
f - Fireball              Conj/Fire      28%          1%          5
g - Olgreb's Toxic Radia  Pois           42%          2%          4

Your spell library contained the following spells:

 Spells                   Type           Power        Failure   Level
 Airstrike                Air            7%           17%         4
 Conjure Flame            Conj/Fire      57%          1%          3
 Dazzling Flash           Conj/Hex       88%          1%          3
 Mephitic Cloud           Conj/Pois/Air  44%          1%          3
 Poisonous Vapours        Pois/Air       56%          4%          2
 Corona                   Hex            15%          8%          1
 Ensorcelled Hibernation  Hex/Ice        30%          11%         2
 Yara's Violent Unravell  Hex/Tmut       15%          16%         5
 Confusing Touch          Hex            14%          22%         3
 Gell's Gravitas          Tloc           7%           22%         3
 Tukima's Dance           Hex            14%          22%         3
 Borgnjor's Vile Clutch   Necr/Erth      19%          32%         5
 Freezing Cloud           Conj/Ice/Air   17%          50%         6
 Animate Dead             Necr           7%           58%         4
 Metabolic Englaciation   Hex/Ice        7%           88%         5
 Death Channel            Necr           7%           100%        6
 Simulacrum               Ice/Necr       7%           100%        6


Dungeon Overview and Level Annotations

Branches:
Dungeon (12/15)            Temple (1/1) D:6            Lair (6/6) D:9
  Swamp (0/4) Lair:4        Snake (0/4) Lair:2        Slime (0/5) Lair:5
    Orc (0/2) D:9           Sewer (visited)         Volcano (visited)
Gauntlet (visited)

Altars:
Ashenzari
Cheibriados
Dithmenos
Elyvilon
Fedhas
Gozag
Hepliaklqana
Kikubaaqudgha
Makhleb
Nemelex Xobeh
Okawaru
Qazlal
Ru
Sif Muna
Trog
Uskayaw
Vehumet
Wu Jian
Xom
Yredelemnul
Zin
The Shining One
Jiyva

Shops:
D:6 =

Annotations:
D:6 1 runed translucent door, Crazy Yiuf
D:11 Nergalle, Urug
Lair:1 exclusion: oklob plant


Innate Abilities, Weirdness & Mutations

You are resistant to torment.
Your stone body is resilient. (AC +10)
You are immune to poison.
Your large and strong wings let you fly indefinitely.
You resist negative energy. (rN+)
You are resistant to electric shocks. (rElec)
You can survive without breathing.
You are immune to petrification.
You are immune to miasma.


Message History

Urug zaps a wand.
The bolt of acid misses you.
Urug zaps a wand.
The bolt of acid misses you.
Items here: )) [[ †.
Casting: Stone Arrow (safe; 1% risk of failure)
Confirm with . or Enter, or press ? or * to list all spells.
Aiming: Fireball (dangerous; 1% risk of failure)
Press: ? - help, Shift-Dir - straight line, f/p - Urug
Aim: Urug, wielding a +6 broad axe, wearing a +0 ring mail, quivering 5 javelins and carrying a wand of acid (6) (heavily wounded)
The fireball explodes!
The fireball engulfs Urug!!
Urug is severely wounded.
Vehumet accepts your kill.
You feel your power returning.
You feel a bit more experienced.
Urug zaps a wand.
The bolt of acid hits you!
You are splashed with acid!
* * * LOW HITPOINT WARNING * * *
As you read the scroll of teleportation, it crumbles to dust.
You feel strangely unstable.
Urug throws a javelin.
The javelin pierces through you!
* * * LOW HITPOINT WARNING * * *
Urug throws a javelin.
The javelin pierces through you!
You die...

#######
#.....#
#.....####
#.....o..#
#.>.[)##...#
#.>.).# #.#
#(...@# #
#.....#
#.....#
#..(..#
####.## #.#
#.# #.# ##.#


You could see Urug.

Vanquished Creatures
  A hydra (Lair:6)
  Harold (D:9)
  An anaconda (Lair:4)
  9 death yaks
  A bog body (Lair:4)
  Pikel (D:8)
  2 lindwurms
  A cyclops (D:10)
  A manticore (Lair:5)
  6 elephants (Lair:6)
  8 black mambas
  A gargoyle (D:11)
  10 cane toads
  A torpor snail (Lair:4)
  7 komodo dragons
  10 rime drakes
  A troll (D:10)
  5 polar bears
  4 hornets (Lair:6)
  17 blink frogs
  7 dream sheep (Lair:6)
  Sigmund (D:6)
  12 wyverns
  Eustachio (D:5)
  12 spriggans (Lair:6)
  7 basilisks
  5 fire bats (Volcano)
  33 yaks
  4 nagas (Lair:2)
  2 swamp worms (Lair:4)
  A soldier ant (D:9)
  A hell hound (Volcano)
  19 water moccasins
  Duvessa (D:5)
  2 ice beasts
  4 black bears (Lair:6)
  3 sky beasts
  6 orc warriors
  An eye of draining (D:9)
  A necrophage (D:8)
  4 phantoms
  38 wolves
  3 ogres
  4 centaurs
  4 boggarts (Lair:6)
  A big kobold (D:8)
  Blork the orc (D:5)
  19 bullfrogs
  Dowan (D:5)
  7 scorpions
  The ghost of casual the Skirmisher, a weakling TrDe (D:5)
  5 killer bees (D:8)
  5 wights (D:9)
  4 electric eels
  3 howler monkeys
  7 lava snakes (Volcano)
  A quasit (D:8)
  A jelly (D:5)
  5 hounds
  A centaur skeleton (D:8)
  11 orc priests
  5 bullfrog skeletons
  5 iguanas
  21 orc wizards
  4 worker ants
  4 hell rats (Lair:5)
  A hound zombie (D:6)
  2 worker ant zombies (D:8)
  A howler monkey zombie (D:7)
  9 gnolls
  A howler monkey skeleton (D:9)
  16 adders
  7 river rats (Sewer)
  A white imp (D:5)
  An ufetubus (D:9)
  An ooze (Sewer)
  5 adder zombies
  A dart slug (D:4)
  4 worms
  14 leopard geckos
  53 orcs
  14 ball pythons
  3 bats
  6 giant cockroaches
  6 goblins
  13 hobgoblins
  8 jackals
  10 kobolds
  5 quokkas
  7 frilled lizards
  A jackal skeleton (D:7)
  A leopard gecko zombie (D:6)
  28 rats
  A bush (Lair:6)
596 creatures vanquished.

Vanquished Creatures (others)
  9 bushes (Lair:6)
  60 fungi
  251 plants
320 creatures vanquished.

Grand Total: 916 creatures vanquished

Notes
Turn   | Place    | Note
-------+----------+-------------------------------------------
     0 | D:1      | wakim the Gargoyle Earth Elementalist began the quest for
                  | the Orb.
     0 | D:1      | Reached XP level 1. HP: 10/10 MP: 3/3
   241 | D:1      | Reached XP level 2. HP: 10/15 MP: 0/5
   344 | D:1      | Reached skill level 1 in Transmutations
   841 | D:2      | Reached XP level 3. HP: 19/19 MP: 3/6
  1051 | D:2      | Learned a level 3 spell: Stone Arrow
  1128 | D:2      | Found a faded altar of an unknown god.
  1171 | D:2      | Reached XP level 4. HP: 24/24 MP: 3/7
  1423 | D:2      | Reached skill level 1 in Conjurations
  1423 | D:2      | Reached XP level 5. HP: 24/28 MP: 5/8
  1433 | D:2      | Reached skill level 5 in Earth Magic
  2701 | D:3      | Reached XP level 6. HP: 20/32 MP: 4/10
  3510 | D:4      | Reached XP level 7. HP: 36/36 MP: 8/11
  3552 | D:4      | Reached skill level 1 in Short Blades
  3704 | D:4      | You fall into a shaft and drop 1 floor!
  3704 | D:5      | Entered Level 5 of the Dungeon
  3710 | D:5      | Found a runed translucent door.
  3710 | D:5      | Noticed casual's ghost (weakling TrDe)
  3816 | D:5      | Noticed Blork the orc
  3833 | D:5      | Killed Blork the orc
  4068 | D:5      | Reached XP level 8. HP: 41/41 MP: 10/13
  4139 | D:5      | Noticed Duvessa
  4163 | D:5      | Found a transporter.
  4174 | D:5      | Found a transporter.
  4404 | D:5      | Reached skill level 5 in Stealth
  4485 | D:5      | Noticed Dowan
  4537 | D:5      | Noticed Eustachio
  4551 | D:5      | Killed Eustachio
  5079 | D:5      | Killed Duvessa
  5080 | D:5      | Reached XP level 9. HP: 39/45 MP: 3/15
  5093 | D:5      | Killed Dowan
  5420 | D:5      | Killed casual's ghost
  5810 | D:6      | Found Ysaofo's Jewellery Shop.
  5812 | D:6      | Found a staircase to the Ecumenical Temple.
  5885 | D:6      | Learned a level 4 spell: Petrify
  5980 | D:6      | Found a runed translucent door.
  5981 | D:6      | Noticed Crazy Yiuf
  6005 | D:6      | Found a glowing drain.
  6027 | Sewer    | Entered a sewer
  6460 | Sewer    | Reached skill level 5 in Spellcasting
  6937 | D:6      | Noticed Sigmund
  6939 | D:6      | Killed Sigmund
  7609 | Temple   | Entered the Ecumenical Temple
  7703 | Temple   | Became a worshipper of Vehumet
  7863 | D:7      | Learned a level 5 spell: Lee's Rapid Deconstruction
  7884 | D:7      | Found a shimmering blue altar of Sif Muna.
  7943 | D:7      | Found a glowing golden altar of the Shining One.
  8594 | D:8      | Reached * piety under Vehumet
  8594 | D:8      | Offered knowledge of Shock by Vehumet.
  8595 | D:8      | Reached skill level 5 in Conjurations
  8624 | D:8      | Noticed Pikel
  8636 | D:8      | Reached XP level 10. HP: 50/50 MP: 8/18
  9235 | D:8      | Killed Pikel
  9602 | D:8      | Found a sacrificial altar of Ru.
  9605 | D:8      | Reached ** piety under Vehumet
  9610 | D:8      | Offered knowledge of Searing Ray by Vehumet.
  9772 | D:9      | Reached skill level 5 in Dodging
  9870 | D:9      | Found a staircase to the Lair.
 10084 | D:9      | Reached skill level 1 in Shields
 10247 | D:9      | Found a white marble altar of Elyvilon.
 10283 | D:9      | Offered knowledge of Frozen Ramparts by Vehumet.
 10486 | D:9      | Reached *** piety under Vehumet
 10647 | D:9      | Found a staircase to the Orcish Mines.
 10787 | D:10     | Entered Level 10 of the Dungeon
 10955 | D:10     | Noticed a cyclops
 11234 | D:10     | Offered knowledge of Inner Flame by Vehumet.
 11459 | D:10     | Reached XP level 11. HP: 51/54 MP: 8/20
 12510 | D:10     | Killed a cyclops
 12629 | D:10     | Learned a level 2 spell: Passwall
 12668 | D:10     | Noticed a red ugly thing
 12669 | D:10     | Noticed a death knight
 12669 | D:10     | Noticed a white ugly thing
 13142 | D:11     | Found a bloodstained altar of Trog.
 13143 | D:11     | Noticed a wizard
 13143 | D:11     | Noticed Nergalle
 13259 | Lair:1   | Entered Level 1 of the Lair of Beasts
 13265 | D:9      | Reached skill level 5 in Transmutations
 13517 | Lair:1   | Noticed Harold
 13561 | D:9      | Killed Harold
 13562 | D:9      | Reached skill level 5 in Shields
 14152 | Lair:1   | Noticed an oklob plant
 14218 | Lair:1   | Reached skill level 1 in Fighting
 14620 | Lair:2   | Found a staircase to the Snake Pit.
 14710 | Lair:2   | Got an ancient war axe
 14711 | Lair:2   | Identified the +8 war axe "Pewk" {freeze, Int+4} (You found
                  | it on level 2 of the Lair of Beasts)
 15795 | Lair:2   | Reached **** piety under Vehumet
 15799 | Lair:2   | Reached XP level 12. HP: 32/64 MP: 6/23
 16194 | Lair:3   | Found a dark tunnel.
 16219 | Volcano  | Entered a volcano
 16283 | Volcano  | Offered knowledge of Fireball by Vehumet.
 16292 | Volcano  | Learned a level 5 spell: Fireball
 16621 | Volcano  | Noticed a fire dragon
 16701 | Volcano  | Noticed a hell hog
 16840 | Volcano  | Found a bloodstained altar of Trog.
 17277 | Lair:3   | Reached skill level 1 in Fire Magic
 18975 | Lair:4   | Noticed an anaconda
 18985 | Lair:4   | Killed an anaconda
 19442 | Lair:4   | Reached XP level 13. HP: 68/72 MP: 14/25
 19636 | Lair:4   | Found a staircase to the Swamp.
 19660 | Lair:4   | Reached ***** piety under Vehumet
 19811 | Lair:4   | Offered knowledge of Olgreb's Toxic Radiance by Vehumet.
 19847 | Lair:4   | Reached skill level 5 in Fighting
 19881 | Lair:4   | Learned a level 4 spell: Olgreb's Toxic Radiance
 20110 | Lair:5   | Found a staircase to the Slime Pits.
 20111 | Lair:5   | Found a viscous altar of Jiyva.
 20167 | Lair:5   | Reached skill level 1 in Poison Magic
 20177 | Lair:5   | Found a gate leading to a gauntlet.
 20187 | Gauntlet | Entered a Gauntlet
 20187 | Gauntlet | Found a transporter.
 20234 | Gauntlet | Found a transporter.
 20241 | Gauntlet | Noticed a blizzard demon
 20244 | Gauntlet | Found a runed translucent gate.
 20244 | Gauntlet | Found a runed translucent gate.
 20244 | Gauntlet | Found a runed translucent gate.
 20246 | Gauntlet | Found a transporter.
 20250 | Gauntlet | Found a transporter.
 20260 | Gauntlet | Found a transporter.
 20280 | Gauntlet | Found a transporter.
 20288 | Gauntlet | Found a transporter.
 20289 | Gauntlet | Found a transporter.
 20309 | Gauntlet | Noticed an entropy weaver
 20312 | Gauntlet | Found a transporter.
 20332 | Gauntlet | Found a transporter.
 20336 | Gauntlet | Found a transporter.
 20344 | Gauntlet | Found a transporter.
 20974 | Lair:5   | Reached skill level 10 in Conjurations
 22031 | Lair:6   | Entered Level 6 of the Lair of Beasts
 22379 | Lair:6   | Reached skill level 1 in Axes
 22797 | Lair:6   | Reached skill level 5 in Fire Magic
 22881 | Lair:6   | Reached skill level 10 in Spellcasting
 22897 | Lair:6   | Gained mutation: Your large and strong wings let you fly
                  | indefinitely. [Gargoyle growth]
 22897 | Lair:6   | Reached XP level 14. HP: 70/78 MP: 28/28
 23039 | Lair:6   | Offered knowledge of Airstrike by Vehumet.
 23084 | Lair:6   | Got a black opal-encrusted scale mail
 26169 | Lair:6   | Identified the cursed +1 scale mail "Joesunea" {Str+6
                  | Slay-5} (You found it on level 6 of the Lair of Beasts)
 26233 | Lair:4   | Reached skill level 5 in Poison Magic
 26573 | D:11     | Noticed Urug
 26583 | D:11     | HP: 2/78 [Urug/javelin (13)]
 26584 | D:11     | Hit by a javelin thrown by Urug

Illustrated notes

Levels and vault maps discovered:
D:1:      minmay_arrival_shattered_statue, layout_rooms,
          chequers_serial_rivers_micro_a
D:2:      layout_basic, chequers_ecumenical_altar_island, skrybe_limestone_x
D:3:      layout_loops_ring
D:4:      layout_rooms
D:5:      gammafunk_steamed_eel, layout_rooms, hellmonk_ghost_happy_afterlife,
          uniq_blork_the_orc, uniq_duvessa, uniq_eustachio
D:6:      layout_basic, minmay_temple_entry_statues_pillars,
          portal_sewer_entry_f, minmay_misc_feat_rugged,
          minmay_shop_enchanted_jewellery, minivault_27,
          minmay_misc_feat_plants, uniq_crazy_yiuf_cottage, uniq_sigmund
D:7:      layout_basic, lemuel_crystal_altar, basic_altar
D:8:      layout_cave_pools, nicolae_ru_great_annihilating_truth, uniq_pikel
D:9:      layout_rooms, lair_entry_dummy, erik_orc_2, basic_altar,
          grunt_ministairs_7
D:10:     layout_long_grid, grunt_tough_drop
D:11:     layout_roguey, trog_wizard, uniq_maurice, uniq_nergalle, uniq_urug
D:12:     minmay_heptahexagon, layout_irregular_city,
          ebering_ghost_funeral_grove, nrook_mini_backslash, minmay_st_funbox,
          minmay_fractal_squares_5, uniq_jorgrun, uniq_kirke, uniq_frances
Temple:   compressed_dpeg_circular_temple
Lair:1:   layout_concentric_octagons, minmay_lair_oklob_chamber,
          serial_bayou_shore_b, uniq_harold
Lair:2:   layout_cave_pods, minmay_snake_entry_guardpost_medium
Lair:3:   layout_chaotic_city, nicolae_volcano_entry_lava_flow, minmay_holes,
          grunt_megastairs_4
Lair:4:   beast_lair_carwin_large_4, layout_cellular_growth,
          nicolae_swamp_entry_splash_gauntlet, infiniplex_staircase_pool
Lair:5:   layout_cave_pods, slime_altar_1, gauntlet_entry_generic, special_room
          [special_room_mythical_zoo], grunt_megastairs_2
Lair:6:   minmay_lair_end_enchanted_forest, layout_cave_pods, serial_forest,
          infiniplex_forest_straight_4, infiniplex_forest_lined_room_2,
          infiniplex_forest_clump_long, infiniplex_forest_lined_3_way,
          infiniplex_forest_lined_3_way, infiniplex_forest_end_2,
          infiniplex_forest_split, infiniplex_forest_lined_2,
          infiniplex_forest_clump_long

Skill      XL: |  1  2  3  4  5  6  7  8  9 10 11 12 13 14 |
---------------+-------------------------------------------+-----
Transmutations | 1 2 3 4 5 6 |  6.0
Earth Magic    | 4 5 6 7 8 9 |  9.0
Dodging        | 2 3 4 5 6 7 8 |  8.3
Stealth        | 3 4 5 6 7 8 |  8.0
Conjurations   | 1 2 3 4 5 6 7 9 10 | 10.9
Spellcasting   | 3 4 5 6 7 8 10 | 10.0
Short Blades   | 1 2 3 4 |  4.4
Shields        | 3 6 7 8 9 |  9.8
Fighting       | 2 4 5 |  5.0
Fire Magic     | 3 5 6 |  6.0
Poison Magic   | 3 5 |  5.0
Axes           | 2 4 |  4.1
Ice Magic      | |  0.5
Air Magic      | |  0.1

Action                   |  1- 3 |  4- 6 |  7- 9 | 10-12 | 13-15 || total
-------------------------+-------+-------+-------+-------+-------++-------
Melee: Unarmed           |    14 |       |       |       |       ||    14
       Short sword       |    12 |       |       |   189 |       ||   201
       Dagger            |       |    70 |   336 |    46 |       ||   452
       Staff             |       |       |       |    42 |       ||    42
       War axe           |       |       |       |    74 |   317 ||   391
 Fire: Hunting sling     |     3 |       |       |       |       ||     3
       Hand crossbow     |       |       |       |     1 |       ||     1
Throw: Stone             |     5 |       |       |       |       ||     5
 Cast: Sandblast         |    40 |    62 |    46 |   119 |   103 ||   370
       Stone Arrow       |       |       |    59 |   258 |   198 ||   515
       Lee's Rapid Decon |       |       |       |    12 |     3 ||    15
       Passwall          |       |       |       |     1 |       ||     1
       Fireball          |       |       |       |       |    31 ||    31
       Petrify           |       |       |       |       |     2 ||     2
       Olgreb's Toxic Ra |       |       |       |       |     2 ||     2
Evoke: Wand              |       |       |     3 |     2 |       ||     5
  Use: Scroll            |       |     5 |     8 |     9 |     6 ||    28
       Potion            |       |     6 |     3 |     2 |     3 ||    14
 Stab: Sleeping          |       |     1 |     5 |     2 |       ||     8
       Distracted        |       |       |       |       |     1 ||     1
Armor: Robe              |    12 |     8 |     8 |    98 |   108 ||   234
       Leather armour    |       |    12 |   125 |       |       ||   137
Dodge: Dodged            |    20 |    67 |   380 |   244 |   262 ||   973
Block: Kite shield       |       |       |       |   256 |   460 ||   716
       Reflection        |       |       |       |     5 |     3 ||     8

Table legend: (Time is in decaauts)
 A = Elapsed time spent in this place.
 B = Non-inter-level travel time spent in this place.
 C = Inter-level travel time spent in this place.
 D = Time resting spent in this place.
 E = Time spent auto-exploring this place.
 F = Levels seen in this place.
 G = Mean time per level.
                   A        B        C        D        E       F      G
               +--------+--------+--------+--------+--------+-----+--------+
         Total |  26813 |  25455 |   1358 |   6647 |  10078 |  22 | 1218.8 |
       Dungeon |  12920 |  12133 |    787 |   2596 |   4458 |  12 | 1076.7 |
        Temple |    101 |     95 |      6 |      0 |     28 |   1 |  101.0 |
          Lair |  12258 |  11695 |    563 |   3478 |   5201 |   6 | 2043.0 |
         Sewer |    701 |    701 |      0 |    276 |    152 |   1 |  701.0 |
       Volcano |    622 |    622 |      0 |    297 |     68 |   1 |  622.0 |
      Gauntlet |    207 |    207 |      0 |      0 |    170 |   1 |  207.0 |
               +--------+--------+--------+--------+--------+-----+--------+

Top non-repeatable levels by time:
  Lair:5: 3159 daAuts
  Lair:6: 2824 daAuts
  Lair:4: 2741 daAuts
    D:10: 1784 daAuts
  Lair:2: 1650 daAuts
     D:5: 1605 daAuts
     D:9: 1604 daAuts
     D:1: 1268 daAuts
     D:6: 1209 daAuts
     D:3: 1202 daAuts
     D:8: 1151 daAuts
  Lair:1: 1003 daAuts
     D:4: 882 daAuts
  Lair:3: 878 daAuts
     D:7: 807 daAuts
